 Dungeon Crawl Stone Soup version 0.17-a0-1582-ge6b0260 (webtiles) character file.

56 Chiseanne the Skirmisher (level 3, -1/43 HPs)
             Began as a Demonspawn Wanderer on July 27, 2015.
             Killed from afar by Sigmund (5 damage)
             ... with a puff of flame
             ... on level 2 of the Dungeon.
             The game lasted 00:03:37 (1409 turns).

Chiseanne the Skirmisher (Demonspawn Wanderer)      Turns: 1409, Time: 00:03:37

Health: -1/43      AC: 21    Str: 12    XL:     3   Next: 69%
Magic:  3/3        EV:  2    Int: 10    God:
Gold:   144        SH:  0    Dex: 16    Spells: 0 memorised, 2 levels left

rFire  + . .     SeeInvis .     a - +3 spear
rCold  + . .     Clarity  .     (armour currently unavailable)
rNeg   + + +     SustAt   .     (no shield)
rPois  +         Gourm    .     (helmet currently unavailable)
rElec  +         Spirit   .     (cloak currently unavailable)
rCorr  +         Warding  .     (gloves currently unavailable)
rMut   .         NoTele   +     (boots currently unavailable)
MR     .....                    (no amulet)
Stlth  +.........               (no ring)
                                (no ring)

@: confused, tree-form, resistant, very slightly contaminated, hasted, very
quick, not resistant to hostile enchantments, very unstealthy
A: (hooves 0), rot immunity
a: no special abilities


You were on level 2 of the Dungeon.
You were hungry.
You were a tree.
You visited 1 branch of the dungeon, and saw 2 of its levels.

You collected 144 gold pieces.

Inventory:

Hand weapons
 a - a +3 spear (weapon)
 p - a +0 war axe
Missiles
 h - 34 arrows
 i - 22 bolts
 n - 12 poisoned needles
Armour
 m - a +0 leather armour (melded)
Potions
 k - a potion of haste
Comestibles
 d - a meat ration
 f - 3 bread rations
 g - 3 fruits
 j - a beef jerky


   Skills:
 - Level 3.0 Fighting
 - Level 2.6 Polearms
 + Level 0.6 Armour
 * Level 2.9 Dodging
 - Level 1.7 Stealth
 - Level 1.7 Unarmed Combat


You had 2 spell levels left.
You didn't know any spells.

Dungeon Overview and Level Annotations

Branches:
Dungeon (2/15)

Altars:
Okawaru

Annotations:
D:2 Sigmund


Innate Abilities, Weirdness & Mutations

((You have large cloven feet.))
You are immune to rotting.


Message History

You hit Sigmund.
Sigmund is severely wounded.
You closely miss Sigmund.
Sigmund is severely wounded.
Sigmund zaps a wand.
The puff of frost hits you!
You swing at nothing.
Sigmund says, "I'm your fate."
Sigmund zaps a wand.
Helpless, you fail to dodge the puff of frost.
You resist.
* * * LOW HITPOINT WARNING * * *
You hit Sigmund.
Sigmund is almost dead.
You swing at nothing.
Sigmund gestures at you while chanting.
You are more confused.
You swing at nothing.
Sigmund points at you and mumbles some strange words.
The puff of flame hits you! You resist.
You die...

#..#####.. ##.. ...
##...# ... ## #..#.#
#.. #.##.# #..
###.##.#
##..##########...##..
#....##..............
#..............#####.
#..@♣........†.# ##.
#....###.......# #..
#.>..# ############.#
##..####...##>.)#...#
#.. ##...........###
### #..........†....
#.........>..###
#............#
##..........##


You could see Sigmund.

Vanquished Creatures
  An adder (D:2)
  4 giant geckos
  A giant cockroach (D:1)
  5 hobgoblins
  4 jackals (D:1)
  7 kobolds
  6 bats (D:1)
  A giant newt (D:1)
  6 goblins
  5 rats (D:1)
40 creatures vanquished.

Notes
Turn   | Place    | Note
--------------------------------------------------------------
     0 | D:1      | Chiseanne the Demonspawn Wanderer began the quest for the Orb.
     0 | D:1      | Chiseanne set off with: a +2 spear, a potion of lignification, a potion of curing, a +0 robe, a +0 dagger, a bread ration
     0 | D:1      | Reached XP level 1. HP: 18/18 MP: 1/1
    37 | D:1      | Reached skill level 1 in Dodging
    93 | D:1      | Gained mutation: You are immune to rotting. [demonic ancestry]
    93 | D:1      | Reached XP level 2. HP: 21/24 MP: 2/2
   664 | D:1      | Gained mutation: You have large cloven feet. [demonic ancestry]
   664 | D:1      | Reached XP level 3. HP: 26/29 MP: 3/3
  1159 | D:2      | Found an iron altar of Okawaru.
  1376 | D:2      | Noticed Sigmund
  1409 | D:2      | Killed from afar by Sigmund

Vault maps used:
D:1:      dpeg_arrival_boxes_within_box, serial_bayou_pond_b
D:2:      okawaru_metal_pillars_1_2, uniq_sigmund

Action                   || total
-------------------------++-------
Melee: Spear             ||   114
  Use: Scroll            ||     4
       Potion            ||     4
 Stab: Sleeping          ||     5
  Eat: Chunk             ||     1
